 Dungeon Crawl Stone Soup version 0.31-a0-188-g5e087ee2ca (webtiles) character file.

Game seed: 9975187098249481280

176 qw the Skirmisher (level 5, -1/29 HPs)
             Began as a Deep Elf Hunter on June 23, 2023.
             Slain by a black bear (3 damage)
             ... on level 4 of the Dungeon.
             The game lasted 00:01:07 (2917 turns).

qw the Skirmisher (Deep Elf Hunter)                 Turns: 2917, Time: 00:01:08

Health: -1/29      AC:  8    Str: 10    XL:     5   Next: 30%
Magic:  7/7        EV: 11    Int: 14    God:
Gold:   114        SH:  0    Dex: 18    Spells: 4/4 levels left

rFire   . . .        Y - +1 shortbow
rCold   . . .        (shield currently unavailable)
rNeg    . . .        h - +0 ring mail
rPois   .            (no helmet)
rElec   .            k - +0 cloak
rCorr   .            j - +0 pair of gloves
SInv    .            b - +0 pair of boots
Will    .....        (no amulet)
Stlth   +            (no ring)
HPRegen 0.24/turn    (no ring)
MPRegen 0.10/turn

%: no passive effects
@: about to teleport
A: no striking features
a: no special abilities


You were on level 4 of the Dungeon.
You visited 1 branch of the dungeon, and saw 4 of its levels.

You collected 114 gold pieces.


   Skills:
 - Level 1.5 Fighting
 + Level 8.3 Ranged Weapons
 - Level 1.3 Armour
 - Level 2.4 Dodging
 - Level 1.2 Stealth


You had 4 spell levels left.
You didn't know any spells.
Your spell library was empty.

Inventory:

Hand Weapons
 Y - a +1 shortbow (weapon)
Armour
 b - a +0 pair of boots (worn)
 h - a +0 ring mail (worn)
 j - a +0 pair of gloves (worn)
 k - a +0 cloak (worn)
Scrolls
 a - 2 scrolls of identify
Potions
 c - 2 potions of cancellation {unknown}
 e - a potion of haste {unknown}
 f - a potion of curing {unknown}
 i - a potion of might {unknown}
 l - a potion of enlightenment {unknown}
 m - a potion of degeneration {unknown}

Dungeon Overview and Level Annotations

Branches:
Dungeon (4/15)
 Temple: D:4-7

Altars:

Annotations:
D:3 1 runed translucent door, qw's ghost, amateur DEHu


Message History

A black bear comes into view.
Found a stone staircase leading down.
The black bear growls angrily.
You shoot an arrow. The arrow barely misses the black bear.
You shoot an arrow. The arrow hits the black bear.
The black bear is lightly wounded.
You shoot an arrow. The arrow hits the black bear!
The black bear is heavily wounded.
You shoot an arrow. The arrow hits the black bear.
The black bear is severely wounded.
The black bear bites you but does no damage.
The black bear claws you. The black bear misses you.
The black bear bites you but does no damage.
The black bear claws you but does no damage. x2
You shoot an arrow. The arrow hits the black bear.
The black bear is severely wounded.
The black bear goes berserk!
You shoot an arrow. The arrow barely misses the black bear.
The black bear bites you but does no damage.
The black bear claws you but does no damage. x2
You shoot an arrow. The arrow barely misses the black bear.
The black bear bites you. The black bear closely misses you.
The black bear claws you but does no damage.
The black bear bites you but does no damage.
The black bear barely misses you. The black bear claws you.
You shoot an arrow. The arrow hits the black bear!
The black bear is almost dead.
The black bear misses you.
The black bear claws you but does no damage.
The black bear closely misses you. The black bear bites you!
The black bear claws you. x2
2916 ||| READING scroll of teleportation.
As you read the scroll of teleportation, it crumbles to dust.
You feel strangely unstable. The black bear closely misses you.
The black bear completely misses you.
The black bear claws you but does no damage.
You shoot an arrow. The arrow hits the black bear.
The black bear is almost dead.
The black bear misses you. The black bear claws you.
You die...

##### ...!. ......
......### #######
......h@#
#####).....
......#.#
#...)...... .....
#.######.###).....
>...
#.#.......##......
...
#.#.####..##......
+# #.# #..########
#.# #..# #.#
#..####### #.#
#..%......


You could see a black bear (berserk).

Vanquished Creatures
  2 hounds
  An iguana (D:4)
  An adder (D:3)
  2 worms (D:2)
  4 orcs (D:4)
  7 bats
  8 endoplasms
  4 giant cockroaches
  11 goblins
  2 hobgoblins
  2 jackals (D:2)
  5 quokkas
  2 ball pythons
  5 frilled lizards
  3 kobolds
  8 rats
67 creatures vanquished.

Notes
Turn   | Place    | Note
-------+----------+-------------------------------------------
     0 | D:1      | qw the Deep Elf Hunter began the quest for the Orb.
     0 | D:1      | Reached XP level 1. HP: 12/12 MP: 3/3
     0 | D:1      | 0 ||| qw: Version: 0.3-a-9-g12657ce
     0 | D:1      | 0 ||| qw: Game counter: 3181
     0 | D:1      | 0 ||| qw: Always use a shield: true
     0 | D:1      | 0 ||| qw: God list: Okawaru
     0 | D:1      | 0 ||| qw: Allow faded altars: false
     0 | D:1      | 0 ||| qw: Do Orc after D:15 true
     0 | D:1      | 0 ||| qw: Do second Lair branch before Depths: true
     0 | D:1      | 0 ||| qw: Lair rune preference: random
     0 | D:1      | 0 ||| qw: Plans: Normal
     0 | D:1      | 0 ||| PLANNING D:1-11
   156 | D:1      | Reached skill level 6 in Ranged Weapons
   156 | D:1      | Reached XP level 2. HP: 16/16 MP: 4/4
   563 | D:1      | Reached XP level 3. HP: 20/20 MP: 5/5
   801 | D:1      | 801 ||| UPGRADING to +0 ring mail.
   811 | D:1      | 811 ||| DROPPING +0 leather armour.
   812 | D:1      | 812 ||| DROPPING ring of flight.
   813 | D:1      | 813 ||| READING 2 scrolls labelled FOIPIO DYHOILOUMP.
   814 | D:1      | 814 ||| READING scroll labelled DOEBLEUSYF.
   815 | D:1      | 815 ||| DROPPING scroll of butterflies.
   902 | D:2      | 902 ||| FLEEEEING.
   903 | D:2      | 903 ||| FLEEEEING.
   909 | D:2      | 909 ||| FLEEEEING.
   910 | D:2      | 910 ||| FLEEEEING.
  1179 | D:2      | Reached skill level 7 in Ranged Weapons
  1693 | D:2      | 1693 ||| UPGRADING to +0 pair of boots.
  1698 | D:2      | 1698 ||| UPGRADING to +0 pair of gloves.
  1703 | D:2      | 1703 ||| UPGRADING to +0 cloak.
  1708 | D:2      | 1708 ||| READING scroll labelled LEYLODGHOGH.
  1711 | D:2      | 1711 ||| READING 2 scrolls labelled WUAWOS QEIMURCH.
  1712 | D:2      | 1712 ||| READING scroll labelled RUOSAO NONN.
  1713 | D:2      | 1713 ||| READING 2 scrolls of identify.
  1713 | D:2      | 1713 ||| IDENTIFYING fizzy purple potion
  1714 | D:2      | 1714 ||| DROPPING scroll of poison.
  1715 | D:2      | 1715 ||| DROPPING potion of brilliance.
  1717 | D:2      | 1717 ||| Stepping ~*~*~tactically~*~*~ (cloud).
  2013 | D:3      | Reached XP level 4. HP: 25/25 MP: 6/6
  2151 | D:3      | Noticed qw's ghost (amateur DEHu)
  2152 | D:3      | Found a runed translucent door.
  2484 | D:3      | Reached skill level 8 in Ranged Weapons
  2655 | D:3      | 2655 ||| READING scroll labelled ACZIM ZANUSO.
  2777 | D:4      | Reached skill level 1 in Armour
  2777 | D:4      | Reached XP level 5. HP: 29/29 MP: 7/7
  2907 | D:4      | Noticed a black bear
  2915 | D:4      | HP: 4/29 [black bear (5)]
  2915 | D:4      | HP: 1/29 [black bear (3)]
  2916 | D:4      | 2916 ||| READING scroll of teleportation.
  2917 | D:4      | Slain by a black bear

Levels and vault maps discovered:
D:1:      onia_arrival_pentagram, layout_basic, minmay_misc_feat_cross,
          minmay_tromino_i4
D:2:      layout_loops_corners, grunt_ministairs_7, minmay_unequal
D:3:      layout_basic, hellmonk_ghost_happy_afterlife
D:4:      layout_basic, hex_tiny, uniq_grinder, uniq_sigmund

Skill      XL: |  1  2  3  4 |
---------------+-------------+-----
Ranged Weapons | 6 7 8 |  8.3
Armour         | 1 |  1.3
Fighting       | |  1.5
Dodging        | |  2.4
Stealth        | |  1.2

Action                     |  1- 3 |  4- 6 || total
---------------------------+-------+-------++-------
   Fire: Shortbow          |   148 |    62 ||   210
    Use: Scroll            |     6 |     2 ||     8
 Armour: Leather armour    |     5 |       ||     5
         Ring mail         |     7 |    29 ||    36
  Dodge: Dodged            |    30 |    26 ||    56

Table legend:
 A = Non-vault XP
 B = Vault XP
 C = Vault XP percentage of total XP
 D = Non-vault monster count
 E = Vault monster count
 F = Vault count percentage of total count
                 A         B        C        D         E       F
            +---------+---------+-------+---------+---------+-------
      Total |     235 |      17 |   6.7 |      59 |       8 |  11.9
            +---------+---------+-------+---------+---------+-------
        D:1 |      38 |       5 |  11.6 |      23 |       3 |  11.5
        D:2 |      39 |      12 |  23.5 |      22 |       5 |  18.5
        D:3 |      66 |       0 |   0.0 |       7 |       0 |   0.0
        D:4 |      92 |       0 |   0.0 |       7 |       0 |   0.0
            +---------+---------+-------+---------+---------+-------
